 Dungeon Crawl Stone Soup version 0.29-a0-251-g80730f7218 (webtiles) character file.

Game seed: 7219108680422399549

2 fragbeetle the Charlatan (level 1, -4/12 HPs)
             Began as a Kobold Artificer on Mar 6, 2022.
             Slain by a kobold
             ... wielding a +0 mace
              (7 damage)
             ... on level 1 of the Dungeon.
             The game lasted 00:00:26 (40 turns).

fragbeetle the Charlatan (Kobold Artificer)           Turns: 40, Time: 00:00:27

Health: -4/12      AC:  3    Str:  9    XL:     1   Next: 33%
Magic:  1/1        EV: 14    Int: 12    God:
Gold:   0          SH:  0    Dex: 15    Spells: 0/0 levels left

rFire   . . .      SeeInvis .   a - +0 club
rCold   . . .      Faith    .   (no shield)
rNeg    . . .      Spirit   .   f - +0 leather armour
rPois   .          Reflect  .   (no helmet)
rElec   .          Harm     .   (no cloak)
rCorr   .          Rampage  .   (no gloves)
Will    .....                   (no boots)
Stlth   +++.......              (no amulet)
HPRegen 0.04/turn               (no ring)
MPRegen 0.07/turn               (no ring)

@: no status effects
A: small, no large weapons, nightstalker 3
a: no special abilities


You were on level 1 of the Dungeon.
You visited 1 branch of the dungeon, and saw 1 of its levels.

Inventory:

Hand Weapons
 a - a +0 club (weapon)
 b - a +0 hunting sling
Armour
 f - a +0 leather armour (worn)
Wands
 c - a wand of flame (14) (quivered)
 d - a wand of charming (15)
Miscellaneous
 e - a piece from Xom's chessboard (15/15)


   Skills:
 + Level 1.1 Fighting
 + Level 0.8 Armour
 + Level 2.4 Dodging
 + Level 1.4 Stealth
 + Level 3.6 Evocations


You couldn't memorise any spells.
You didn't know any spells.
Your spell library was empty.

Dungeon Overview and Level Annotations

Branches:
Dungeon (1/15)

Altars:


Innate Abilities, Weirdness & Mutations

You are small and have problems with some larger weapons.
You are completely attuned to the shadows.


Message History

You kill the goblin!
You hear a shout!
Unknown command.
b - a +0 hunting sling (weapon)
A goblin comes into view.
There is an open door here.
You shoot a sling bullet. The sling bullet hits the goblin.
The goblin is moderately wounded.
The goblin hits you but does no damage. The goblin closely misses you.
You shoot a sling bullet.
The sling bullet barely misses the goblin.
The goblin misses you.
You shoot a sling bullet.
The sling bullet barely misses the goblin.
The goblin barely misses you. The goblin misses you.
You shoot a sling bullet.
The sling bullet barely misses the goblin.
The goblin closely misses you.
You shoot a sling bullet. The sling bullet hits the goblin.
You kill the goblin!
Things that are here:
16 stones; a goblin corpse
There is an open door here.
There is an open door here.
You open the door.
There is an open door here.
You open the door.
There is an open door here.
A kobold comes into view. It is wielding a +0 mace.
No target in view!
No target in view!
a - a +0 club (weapon)
The helpless kobold fails to defend itself.
You hit the kobold but do no damage. The kobold hits you with a +0 mace.
Ouch! That really hurt!
The kobold hits you with a +0 mace.
* * * LOW HITPOINT WARNING * * *
You closely miss the kobold. The kobold hits you with a +0 mace!
Ouch! That really hurt!
You die...

####+####
#§≈≈≈≈≈≈###
§≈§....≈≈§#
§.......@K#
####'###### #####
###8'8#8##
##≈..###.........
#≈≈..##..........
#≈...#'..........
+§([('8.....<....
#§...##..........
#§≈..##..........


You could see a kobold.

Vanquished Creatures
  2 goblins (D:1)
2 creatures vanquished.

Notes
Turn   | Place    | Note
-------+----------+-------------------------------------------
     0 | D:1      | fragbeetle the Kobold Artificer began the quest for the
                  | Orb.
     0 | D:1      | Reached XP level 1. HP: 12/12 MP: 1/1
    40 | D:1      | Slain by a kobold

Illustrated notes

Levels and vault maps discovered:
D:1:      dpeg_arrival_morbid_curiosity, layout_basic, patterned_corridor

Action                   || total
-------------------------++-------
Melee: Club              ||     2
 Fire: Hunting sling     ||     5
Evoke: Wand              ||     1
 Stab: Sleeping          ||     1
Armor: Leather armour    ||     1
Dodge: Dodged            ||     5

Table legend: (Time is in decaauts)
 A = Elapsed time spent in this place.
 B = Non-inter-level travel time spent in this place.
 C = Inter-level travel time spent in this place.
 D = Time resting spent in this place.
 E = Time spent auto-exploring this place.
 F = Levels seen in this place.
 G = Mean time per level.
                   A        B        C        D        E       F      G
               +--------+--------+--------+--------+--------+-----+--------+
         Total |     42 |     42 |      0 |      0 |     19 |   1 |   42.0 |
       Dungeon |     42 |     42 |      0 |      0 |     19 |   1 |   42.0 |
               +--------+--------+--------+--------+--------+-----+--------+

Top non-repeatable levels by time:
     D:1: 42 daAuts
